 Dungeon Crawl Stone Soup version 0.23.2-1-ga50397a (webtiles) character file.

Game seed: 11441741435538108048

174 night the Ruffian (level 5, 0/43 HPs)
             Began as a Gargoyle Transmuter on May 3, 2019.
             Killed by divine providence
             ... invoked by an orc priest
              (12 damage)
             ... on level 4 of the Dungeon.
             The game lasted 00:03:20 (1821 turns).

night the Ruffian (Gargoyle Transmuter)             Turns: 1821, Time: 00:03:21

Health: 0/43       AC: 22    Str: 15    XL:     5   Next: 54%
Magic:  5/8        EV:  2    Int: 13    God:
Gold:   105        SH:  0    Dex: 10    Spells: 0/8 levels left

rFire    . . .     SeeInvis .     - Unarmed
rCold    . . .     Gourm    .   (no shield)
rNeg     + + +     Faith    .   (armour currently unavailable)
rPois    ∞         Spirit   .   (helmet currently unavailable)
rElec    .         Reflect  .   (cloak currently unavailable)
rCorr    .         Harm     .   (gloves currently unavailable)
MR       .....     NoTele   +   (boots currently unavailable)
Stlth    +.........             (no amulet)
HPRegen  0.14/turn              (no ring)
MPRegen  0.11/turn              (no ring)

@: tree-form
A: negative energy resistance 1, petrification resistance, rot immunity, AC +4
a: no special abilities


You were on level 4 of the Dungeon.
You were not hungry.
You were a tree.
You visited 1 branch of the dungeon, and saw 3 of its levels.

You collected 105 gold pieces.

Inventory:

Hand Weapons
 b - a +0 hand crossbow
Missiles
 a - 10 arrows
 i - 18 stones (quivered)
 w - 22 bolts
Armour
 h - a +0 scale mail (melded)
 u - a +0 robe
Jewellery
 o - an uncursed ring of positive energy {unknown}
Scrolls
 c - 3 scrolls of identify {unknown}
 e - 3 scrolls of enchant weapon {unknown}
 l - 3 scrolls of teleportation {unknown}
 m - a scroll of immolation {unknown}
 n - a scroll of amnesia {unknown}
 r - 3 scrolls of blinking {unknown}
 t - a scroll of remove curse {unknown}
Potions
 f - a potion of brilliance {unknown}
 g - a potion of lignification
 j - 2 potions of flight {unknown}
 k - a potion of mutation {unknown}
 p - 2 potions of agility {unknown}
 s - a potion of heal wounds {unknown}
 v - a potion of curing {unknown}
 x - a potion of haste {unknown}
Comestibles
 d - 8 rations
 q - 2 chunks of flesh


   Skills:
 - Level 1.1 Fighting
 - Level 1.5 Dodging
 + Level 4.2 Unarmed Combat
 - Level 2.0 Spellcasting
 * Level 3.8 Transmutations


You couldn't memorise any spells.
You knew the following spells:

 Your Spells              Type           Power        Failure   Level  Hunger
a - Beastly Appendage     Tmut           ##....       5%          1    ##.....
b - Sticks to Snakes      Tmut           ##......     8%          2    ###....
c - Blade Hands           Tmut           ##........   82%         5    ######.

Your spell library contained the following spells:

 Spells                   Type           Power        Failure   Level  Hunger
 Spider Form              Tmut/Pois      #.........   34%         3    ####...
 Ice Form                 Ice/Tmut       #.......     75%         4    #####..


Dungeon Overview and Level Annotations

Branches:
Dungeon (2/15)

Altars:


Innate Abilities, Weirdness & Mutations

You are resistant to torment.
((Your stone body is resilient. (AC +4)))
You are immune to poison.
You resist negative energy. (rN+)
((You are resistant to electric shocks. (rElec)))
((You can survive without breathing.))
You are immune to petrification.
You are immune to rotting.


Message History

Casting: Sticks to Snakes (safe; 9% risk of failure)
Confirm with . or Enter, or press ? or * to list all spells.
You create a snake!
You now have 10 arrows.
The orc hits you but does no damage. The orc hits you but does no damage.
The orc priest casts a cantrip, but nothing happens.
You cannot move.
You pummel the orc!!
You kill the orc!
You hit the orc wizard.
The orc wizard is moderately wounded.
You smack the orc wizard!
You kill the orc wizard!
You smack the orc priest!
The orc priest is almost dead.
You barely miss the orc. You hit the orc but do no damage.
The orc priest calls down the wrath of Beogh upon you.
Beogh smites you!
You die...

..# #.# #.# ##.##
###...### ###
....... ..# #.o.#
#.# #o# #.# #♣#
#.# #S# #.# #S#
#.# #.#
#.#########
#.######.#.......#
#.................
#####.##.#.#####.#
#.##.#.# #.#
.#######.##.#.#
#..


You could see an orc priest, an orc, a friendly adder and a friendly ball
python.

Vanquished Creatures
  A bullfrog skeleton (D:4)
  A hound (D:4)
  A worker ant (D:4)
  An orc wizard (D:4)
  An adder (D:2)
  An ooze (D:2)
  An orc (D:4)
  A ball python (D:1)
  3 giant cockroaches
  7 goblins
  3 hobgoblins
  13 jackals
  5 kobolds
  4 bats
  2 frilled lizards
45 creatures vanquished.

Notes
Turn   | Place    | Note
-------+----------+-------------------------------------------
     0 | D:1      | night the Gargoyle Transmuter began the quest for the Orb.
     0 | D:1      | Reached XP level 1. HP: 12/12 MP: 3/3
   206 | D:1      | Reached XP level 2. HP: 14/16 MP: 5/5
   757 | D:2      | Learned a level 2 spell: Sticks to Snakes
   825 | D:2      | Reached XP level 3. HP: 13/20 MP: 6/6
  1536 | D:2      | You fall through a shaft for 2 floors!
  1549 | D:4      | Reached XP level 4. HP: 25/25 MP: 7/7
  1616 | D:4      | Reached skill level 4 in Unarmed Combat
  1616 | D:4      | Reached XP level 5. HP: 23/29 MP: 8/8
  1689 | D:4      | Learned a level 5 spell: Blade Hands
  1821 | D:4      | Killed from afar by an orc priest

Skill      XL: |  1  2  3  4 |
---------------+-------------+-----
Transmutations | 2 3 |  3.8
Unarmed Combat | 4 |  4.2
Fighting       | |  1.1
Dodging        | |  1.5
Spellcasting   | |  2.0

Action                   |  1- 3 |  4- 6 || total
-------------------------+-------+-------++-------
Melee: Unarmed           |   152 |    53 ||   205
       Punch             |     2 |     2 ||     4
 Fire: Hand crossbow     |     4 |       ||     4
 Cast: Sticks to Snakes  |       |     2 ||     2
  Use: Potion            |       |     1 ||     1
  Eat: Chunk             |     2 |     1 ||     3
Armor: Scale mail        |    90 |    27 ||   117
       Robe              |     5 |       ||     5
       Skin              |       |     4 ||     4
Dodge: Dodged            |    69 |    28 ||    97
